 Dungeon Crawl Stone Soup version 0.26-a0-639-g72c4674329 (webtiles) character file.

Game seed: 8653212440862791780

86790 Borgoz the Fighter (level 15, -1/101 HPs)
             Began as a Gargoyle Berserker on Sept 18, 2020.
             Was the Champion of Trog.
             Slain by an orc warrior
             ... wielding a +0 halberd
              (15 damage)
             ... on level 2 of the Orcish Mines.
             The game lasted 00:45:31 (23787 turns).

Borgoz the Fighter (Gargoyle Berserker)            Turns: 23787, Time: 00:45:32

Health: -1/101     AC: 26    Str: 29    XL:     15   Next: 88%
Magic:  15/15      EV: 23    Int:  8    God:    Trog [******]
Gold:   1511       SH:  0    Dex: 24    Spells: 14/14 levels left

rFire    + + +     SeeInvis +   b - +2 great mace (vorpal)
rCold    + + +     Faith    .   (shield currently unavailable)
rNeg     + . .     Spirit   .   g - +0 troll leather armour
rPois    ∞         Reflect  .   z - +2 hat of Objectivity {rElec MR+ rCorr Str+4}
rElec    +         Harm     .   (no cloak)
rCorr    +         Rampage  .   v - +1 pair of gloves {Str+3}
MR       ++...                  H - +0 pair of boots
Stlth    ++++......             F - amulet of Cookuagu {Acrobat *Drain rF+++ SInv Stlth+}
HPRegen  0.66/turn              h - +6 ring of dexterity
MPRegen  0.14/turn              y - ring "Rytweg" {*Drain +Fly rPois rC+++ Dex+4}

@: berserk cooldown, flying, slowed, very slow
A: big wings, yellow scales 1, negative energy resistance 1, electricity
resistance, unbreathing, petrification resistance, rot immunity, AC +11
a: Stop Flying, Berserk, Trog's Hand, Brothers in Arms, Renounce Religion


You were on level 2 of the Orcish Mines.
You worshipped Trog.
Trog was exalted by your worship.
You visited 4 branches of the dungeon, and saw 24 of its levels.
You visited 1 bazaar.
You also visited: Gauntlet.

You collected 2580 gold pieces.
You spent 1069 gold pieces at shops.

Inventory:

Hand Weapons
 b - a +2 vorpal great mace (weapon)
Armour
 g - a +0 troll leather armour (worn)
 v - a +1 pair of gloves of strength (worn)
 z - the +2 hat of Objectivity (worn) {rElec MR+ rCorr Str+4}
   (You found it on level 6 of the Lair of Beasts)

   It affects your strength (+4).
   It insulates you from electricity.
   It affects your resistance to hostile enchantments.
   It provides partial protection from all sources of acid and corrosion.
 H - a +0 pair of boots (worn)
Jewellery
 h - a +6 ring of dexterity (left hand)
 m - an uncursed ring of see invisible
 s - a +6 ring of strength
 y - the ring "Rytweg" (right hand) {*Drain +Fly rPois rC+++ Dex+4}
   (You bought it in a shop in a bazaar)

   [ring of flight]

   It affects your dexterity (+4).
   It renders you almost immune to cold.
   It protects you from poison.
   It lets you fly.
   It causes draining when unequipped.
 F - the amulet of Cookuagu (around neck) {Acrobat *Drain rF+++ SInv Stlth+}
   (You acquired it on level 14 of the Dungeon)

   [amulet of the acrobat]

   It helps you evade while moving and waiting.
   It renders you almost immune to fire.
   It lets you see invisible.
   It causes draining when unequipped.
   It makes you more stealthy.
Wands
 d - a wand of disintegration (23)
 f - a wand of polymorph (43)
 o - a wand of iceblast (3)
 w - a wand of acid (27)
 B - a wand of flame (48)
 J - a wand of paralysis (21)
Scrolls
 i - 6 scrolls of remove curse
 j - 2 scrolls of magic mapping
 p - 5 scrolls of fog
 q - 4 scrolls of blinking
 u - 10 scrolls of teleportation
Potions
 c - 7 potions of curing
 l - 4 potions of berserk rage
 r - a potion of stabbing
 t - a potion of resistance
 x - 2 potions of might
 A - 2 potions of ambrosia
 D - 2 potions of haste
 G - 2 potions of heal wounds
 I - 4 potions of invisibility
 N - a potion of cancellation


   Skills:
 + Level 14.7 Fighting
 + Level 13.7 Maces & Flails
 + Level 14.6 Armour
 + Level 11.7 Dodging
 - Level 5.0 Stealth
 + Level 4.0 Evocations


You had 14 spell levels left.
You didn't know any spells.
Your spell library was empty.

Dungeon Overview and Level Annotations

Branches:
Dungeon (15/15)            Temple (1/1) D:7            Lair (6/6) D:11
  Swamp (0/4) Lair:4       Spider (0/4) Lair:3        Slime (0/5) Lair:5
    Orc (2/2) D:11         Vaults (0/5) D:13         Depths (0/5) D:15
Gauntlet (visited)
    Elf: Orc:2

Altars:
Ashenzari
Cheibriados
Dithmenos
Elyvilon
Gozag
Kikubaaqudgha
Makhleb
Nemelex Xobeh
Okawaru
Ru
Sif Muna
Trog
Uskayaw
Vehumet
Wu Jian
Yredelemnul
Zin
Beogh
Jiyva

Shops:
D:5 [   D:10 *   D:11 [((:   D:13 *   D:15 ::*

Portals:
Trove: D:11 (give 5 potions of resistance)


Innate Abilities, Weirdness & Mutations

You are resistant to torment.
Your stone body is resilient. (AC +11)
You are immune to poison.
Your large and strong wings let you fly indefinitely.
You resist negative energy. (rN+)
You are resistant to electric shocks. (rElec)
You can survive without breathing.
You are immune to petrification.
You are immune to rotting.
You are partially covered in yellow scales. (AC +2)


Message History

You are exhausted.
You feel yourself slow down.
An orc wizard comes into view. It is wielding a +0 dagger.
The orc warrior completely misses you.
You bludgeon the orc priest!!
You kill the orc priest!
Trog accepts your kill.
The orc wizard gestures wildly while chanting.
The orc wizard flickers and vanishes for a moment.
The orc warrior barely misses you. The orc misses you.
You bludgeon the orc!!
You kill the orc!
Trog accepts your kill.
The orc wizard gestures at you while chanting.
The puff of flame hits you but does no damage.
The orc warrior misses you.
You hit the orc warrior.
The orc warrior is moderately wounded.
The orc warrior hits you with a +0 halberd!
You die...

##....#oo# #.......o# ##.....)..#
#.........# ##.#...#.o#
##....o.#o...# ###.......#.o.o.#
########..#....).#.......
##.##.#.....#..)@)#....o.#
#..........#..)#)o##......
#...#.#.#.....)))..##
##.####.........)...#############
#...##...........................
##.####.#....)...................
### ##...#.....................
##.####..)........#......#
###.##................###


You could see an orc warrior and an orc wizard (invisible).

Vanquished Creatures
  The ghost of harkrass the Peltast, a journeyman MiFi of Gozag (Lair:6)
  A reaper (Gauntlet)
  A minotaur (Gauntlet)
  Snorg (D:11)
  2 fire dragons (D:15)
  The ghost of heinrich the Protected, a journeyman GnWn of Gozag (D:10)
  3 hydras
  2 vault guards
  A catoblepas (Lair:5)
  Erica (D:9)
  5 centaur warriors
  2 death knights
  A queen ant (Gauntlet)
  3 two-headed ogres
  The ghost of zikan the Carver, a novice HuBe of Trog (D:8)
  2 tengu warriors (D:15)
  The ghost of Flugslaktarn the Cleaver, a novice DDMo of Makhleb (D:8)
  2 orc high priests (Orc:2)
  5 skeletal warriors
  An unseen horror (D:12)
  Pikel (D:6)
  A deep elf archer (D:15)
  An orc knight (D:11)
  2 deep elf magi
  An orc sorcerer (Orc:2)
  A cyclops (D:12)
  2 slime creatures (D:13)
  2 moths of wrath (Lair:6)
  A manticore (D:12)
  3 centaur zombies
  3 black mambas
  4 centaur skeletons
  4 elephants (Lair:6)
  A torpor snail (Lair:5)
  The ghost of XO4YCPATb the Grappler, a novice DrMo (D:5)
  Psyche (D:8)
  8 cane toads
  4 yaktaurs (D:15)
  5 rime drakes
  12 komodo dragons
  A redback zombie (D:15)
  3 freezing wraiths
  A hellwing (Gauntlet)
  A tengu conjurer (D:15)
  7 trolls
  3 meliai (D:15)
  4 polar bears (Lair:6)
  2 bog bodies (Lair:4)
  11 blink frogs
  6 hornets
  6 dream sheep
  A blink frog (shapeshifter) (D:15)
  11 hippogriffs
  2 shadows
  Sigmund (D:2)
  A water elemental (D:11)
  2 wyverns
  A yak (shapeshifter) (D:15)
  17 spriggans (Lair:6)
  3 wraiths
  2 basilisks
  56 yaks
  4 vampire mosquitoes (D:13)
  A neqoxec (D:10)
  Edmund (D:5)
  A warg (Orc:1)
  6 soldier ants (Gauntlet)
  3 swamp worms (Lair:4)
  7 water moccasins
  4 porcupines
  25 orc warriors
  A hornet zombie (D:8)
  5 black bears
  An eye of draining (D:12)
  6 ice beasts
  A necrophage (D:11)
  3 sky beasts
  A phantom (D:5)
  9 ogres
  31 wolves
  27 centaurs
  3 boggarts (Lair:6)
  4 lemures (D:6)
  19 crocodiles
  The ghost of graki42 the Stinger, an amateur DEVM (D:3)
  17 bullfrogs
  A cane toad simulacrum (Gauntlet)
  8 scorpions
  12 killer bees
  18 wights
  5 howler monkeys
  7 electric eels
  4 quasits
  7 hounds
  2 jellies
  20 orc priests
  Natasha (thrice) (D:3)
  31 orc wizards
  5 iguanas
  7 worker ants
  A killer bee zombie (D:7)
  2 bullfrog simulacra (Gauntlet)
  A hound zombie (D:8)
  A hound skeleton (D:8)
  Robin (D:3)
  17 adders
  14 gnolls
  2 shadow imps
  3 white imps
  An ufetubus (D:5)
  An ooze (D:6)
  An adder zombie (D:8)
  5 adder skeletons
  4 worms
  A dart slug (D:5)
  5 leopard geckos
  75 orcs
  A ball python (D:4)
  9 giant cockroaches
  15 goblins
  11 hobgoblins
  6 jackals
  2 quokkas
  14 bats
  3 frilled lizards
  A jackal skeleton (D:9)
  8 kobolds
  A quokka skeleton (D:9)
  5 rats
759 creatures vanquished.

Vanquished Creatures (others)
  An orc wizard (D:9)
  18 fungi
  13 plants
32 creatures vanquished.

Grand Total: 791 creatures vanquished

Notes
Turn   | Place    | Note
-------+----------+-------------------------------------------
     0 | D:1      | Borgoz the Gargoyle Berserker began the quest for the Orb.
     0 | D:1      | Reached XP level 1. HP: 14/14 MP: 1/1
   388 | D:1      | Reached XP level 2. HP: 19/19 MP: 2/2
   651 | D:1      | Reached XP level 3. HP: 23/23 MP: 3/3
   803 | D:1      | Reached ** piety under Trog
  1016 | D:1      | HP: 1/24 [quokka (1)]
  1294 | D:2      | Noticed Sigmund
  1456 | D:2      | Killed Sigmund
  1456 | D:2      | Reached XP level 4. HP: 30/30 MP: 4/4
  1456 | D:2      | Reached XP level 5. HP: 34/34 MP: 5/5
  1624 | D:2      | Reached XP level 6. HP: 28/39 MP: 6/6
  2546 | D:3      | Noticed graki42's ghost (amateur DEVM)
  2547 | D:3      | Found a runed translucent gate.
  2548 | D:3      | Found a runed translucent gate.
  2549 | D:3      | Found a runed translucent gate.
  2554 | D:3      | Found a roughly hewn altar of Beogh.
  2832 | D:3      | Noticed Robin
  2843 | D:3      | Killed Robin
  2851 | D:3      | Reached *** piety under Trog
  2944 | D:3      | Noticed Natasha
  2960 | D:3      | Killed Natasha
  3511 | D:3      | Noticed Natasha
  3528 | D:3      | Killed Natasha
  3528 | D:3      | Reached skill level 5 in Fighting
  3528 | D:3      | Reached XP level 7. HP: 36/44 MP: 7/7
  3592 | D:3      | Noticed Natasha
  3600 | D:3      | Killed Natasha
  3644 | D:3      | Killed graki42's ghost
  4004 | D:4      | Reached skill level 5 in Maces & Flails
  4532 | D:5      | Entered Level 5 of the Dungeon
  4555 | D:5      | Reached **** piety under Trog
  4557 | D:5      | Reached skill level 5 in Armour
  4559 | D:5      | Found a shimmering blue altar of Sif Muna.
  4593 | D:5      | Found a runed translucent gate.
  4594 | D:5      | Found a runed translucent gate.
  4597 | D:5      | Found a runed translucent gate.
  4636 | D:5      | Reached XP level 8. HP: 50/51 MP: 8/8
  4794 | D:5      | Found a snail-covered altar of Cheibriados.
  4804 | D:5      | Found Laumuism's Armour Emporium.
  4822 | D:5      | Bought a +0 pair of gloves of strength for 161 gold pieces
  5065 | D:5      | Noticed XO4YCPATb's ghost (novice DrMo)
  5149 | D:5      | Noticed Edmund
  5163 | D:5      | Killed Edmund
  5598 | D:6      | Noticed Pikel
  5624 | D:6      | Killed Pikel
  5624 | D:6      | Reached skill level 5 in Dodging
  5624 | D:6      | Reached XP level 9. HP: 37/57 MP: 9/9
  6325 | D:7      | Found a staircase to the Ecumenical Temple.
  6350 | Temple   | Entered the Ecumenical Temple
  6913 | D:8      | Reached ***** piety under Trog
  7150 | D:8      | Reached XP level 10. HP: 27/64 MP: 10/10
  7346 | D:8      | Noticed Psyche
  7357 | D:8      | Killed Psyche
  7431 | D:8      | Received a gift from Trog
  8056 | D:8      | Found a runed translucent gate.
  8056 | D:8      | Found a runed translucent gate.
  8056 | D:8      | Found a runed translucent gate.
  8143 | D:8      | Noticed zikan's ghost (novice HuBe)
  8143 | D:8      | Noticed Flugslaktarn's ghost (novice DDMo)
  8570 | D:9      | Found a transporter.
  8608 | D:9      | Noticed Erica
  8624 | D:9      | Killed Erica
  8634 | D:9      | Got a steaming buckler
  8918 | D:9      | Reached XP level 11. HP: 71/71 MP: 3/11
  8923 | D:9      | Found a transporter.
  9109 | D:10     | Entered Level 10 of the Dungeon
  9117 | D:10     | Found a shattered altar of Ashenzari.
  9381 | D:10     | Found Ebelorph's Assorted Antiques.
  9389 | D:10     | Bought a scroll of identify for 60 gold pieces
  9389 | D:10     | Bought a scroll of identify for 60 gold pieces
  9389 | D:10     | Bought a puce potion for 27 gold pieces
  9493 | D:10     | Received a gift from Trog
  9668 | D:10     | Found a transporter.
  9870 | D:10     | Found a transporter.
  9915 | D:10     | Noticed heinrich's ghost (journeyman GnWn)
 10133 | D:11     | Noticed Snorg
 10435 | D:5      | Killed XO4YCPATb's ghost
 10876 | D:8      | Killed zikan's ghost
 10876 | D:8      | Reached skill level 10 in Fighting
 10892 | D:8      | Killed Flugslaktarn's ghost
 11117 | D:8      | Identified the +3 buckler of Past Mistakes {+Inv rF- Str-2
                  | Stlth+} (You found it on level 9 of the Dungeon)
 11296 | D:10     | Gained mutation: You are partially covered in yellow
                  | scales. (AC +2) [a neqoxec]
 11297 | D:10     | Killed heinrich's ghost
 11297 | D:10     | Reached skill level 10 in Armour
 11382 | D:11     | Noticed a vault guard
 11412 | D:11     | Killed a vault guard
 11644 | D:11     | Found a portal to a secret trove of treasure.
 11668 | D:11     | Found Ozirur's Armour Shop.
 11668 | D:11     | Found a staircase to the Orcish Mines.
 11668 | D:11     | Found Hocweb's Weapon Shop.
 11668 | D:11     | Noticed an orc knight
 11810 | D:11     | Killed an orc knight
 11992 | D:11     | Found Fegoed's Weapon Shoppe.
 12018 | D:11     | Killed Snorg
 12095 | D:11     | Reached skill level 10 in Maces & Flails
 12156 | D:11     | Reached XP level 12. HP: 71/79 MP: 4/12
 12206 | D:11     | Found a staircase to the Lair.
 12286 | D:11     | Found Casiz's Antique Armour Shop.
 12554 | D:11     | Found Zebbiori's Book Boutique.
 12635 | D:11     | Received a gift from Trog
 12850 | D:12     | Found a gate leading to a gauntlet.
 12850 | D:12     | Noticed a two-headed ogre
 12856 | D:12     | Killed a two-headed ogre
 12865 | Gauntlet | Entered a Gauntlet
 12865 | Gauntlet | Found a transporter.
 12865 | Gauntlet | Found a transporter.
 12865 | Gauntlet | Noticed a queen ant
 12866 | Gauntlet | Found a transporter.
 12869 | Gauntlet | Found a transporter.
 12869 | Gauntlet | Found a transporter.
 12870 | Gauntlet | Found a transporter.
 12883 | Gauntlet | Found a transporter.
 12887 | Gauntlet | Found a transporter.
 12889 | Gauntlet | Found a transporter.
 12889 | Gauntlet | Found a transporter.
 12889 | Gauntlet | Found a large runed translucent door.
 12890 | Gauntlet | Found a large runed translucent door.
 12891 | Gauntlet | Found a large runed translucent door.
 12891 | Gauntlet | Found a large runed translucent door.
 12891 | Gauntlet | Found a runed translucent door.
 12891 | Gauntlet | Found a runed translucent door.
 12892 | Gauntlet | Found a large runed translucent door.
 12892 | Gauntlet | Found a large runed translucent door.
 12892 | Gauntlet | Found a large runed translucent door.
 12892 | Gauntlet | Found a large runed translucent door.
 12893 | Gauntlet | Found a large runed translucent door.
 12893 | Gauntlet | Found a large runed translucent door.
 12893 | Gauntlet | Found a large runed translucent door.
 12894 | Gauntlet | Found a large runed translucent door.
 12902 | Gauntlet | Noticed a reaper
 12904 | Gauntlet | Found a large runed translucent door.
 12904 | Gauntlet | Found a large runed translucent door.
 12905 | Gauntlet | Found a runed translucent gate.
 12906 | Gauntlet | Found a runed translucent gate.
 12907 | Gauntlet | Found a transporter.
 12907 | Gauntlet | Noticed a blizzard demon
 12908 | Gauntlet | Found a transporter.
 12911 | Gauntlet | Found a runed translucent gate.
 12986 | Gauntlet | Killed a queen ant
 13039 | Gauntlet | Got a coiled copper ring
 13041 | Gauntlet | Identified the ring "Noehul" {rF+ EV+4} (You found it in a
                  | Gauntlet)
 13074 | Gauntlet | Killed a reaper
 13186 | Gauntlet | Noticed a minotaur
 13201 | Gauntlet | Killed a minotaur
 13393 | D:12     | Found an iron altar of Okawaru.
 13423 | D:12     | Noticed a death knight
 13754 | D:12     | Reached XP level 13. HP: 82/86 MP: 4/13
 14326 | D:13     | Found a sparkling altar of Nemelex Xobeh.
 14329 | D:13     | Found Geuvum's General Store.
 14335 | D:13     | Bought a scroll of identify for 32 gold pieces
 14375 | D:13     | Received a gift from Trog
 14716 | D:13     | Found a gate to the Vaults.
 14716 | D:13     | Noticed a vault guard
 14734 | D:13     | Killed a vault guard
 14819 | D:13     | Got a faintly glowing flail
 14820 | D:13     | Identified the +8 flail "Xecwipt" {vorpal, rPois MR- Int+6}
                  | (You found it on level 13 of the Dungeon)
 15008 | D:14     | Identified a scroll of acquirement
 15008 | D:14     | Acquired the amulet of Cookuagu {Acrobat *Drain rF+++ SInv
                  | Stlth+}
 15082 | D:14     | Found a flickering gateway to a bazaar.
 15091 | Bazaar   | Entered a bazaar
 15099 | Bazaar   | Found Sodopogy's Antique Armour Shop.
 15110 | Bazaar   | Found Narotz's Jewellery Shop.
 15160 | Bazaar   | Bought the ring "Rytweg" {*Drain +Fly rPois rC+++ Dex+4}
                  | for 399 gold pieces
 15176 | Bazaar   | Bought a pair of runed gloves for 240 gold pieces
 15291 | D:14     | Reached skill level 10 in Dodging
 16374 | D:15     | Entered Level 15 of the Dungeon
 16552 | D:15     | Gained mutation: Your large and strong wings let you fly
                  | indefinitely. [Gargoyle growth]
 16552 | D:15     | Reached XP level 14. HP: 76/94 MP: 4/14
 16744 | D:15     | HP: 2/94 [meliai/divine providence (12)]
 16908 | D:15     | Found Tarchi's General Store.
 16916 | D:15     | Bought a potion of heal wounds for 90 gold pieces
 16936 | D:15     | Found Moiniaj's Book Emporium.
 16994 | D:15     | Found Vosie's Book Emporium.
 17532 | D:15     | Found a staircase to the Depths.
 17786 | Lair:1   | Entered Level 1 of the Lair of Beasts
 17879 | Lair:1   | Received a gift from Trog
 19221 | Lair:3   | Found a hole to the Spider Nest.
 19249 | Lair:3   | Received a gift from Trog
 20331 | Lair:4   | Found a staircase to the Swamp.
 20443 | Lair:4   | Reached skill level 1 in Stealth
 20544 | Lair:4   | Reached XP level 15. HP: 100/100 MP: 5/15
 20780 | Lair:5   | Reached skill level 1 in Evocations
 21141 | Lair:5   | Found a viscous altar of Jiyva.
 21141 | Lair:5   | Found a staircase to the Slime Pits.
 21433 | Lair:5   | Reached ****** piety under Trog
 21542 | Lair:6   | Entered Level 6 of the Lair of Beasts
 21686 | Lair:6   | Found a transporter.
 21704 | Lair:6   | Received a gift from Trog
 21720 | Lair:6   | Got a jewelled quick blade {god gift}
 21721 | Lair:6   | Identified the +12 quick blade of Woe {flame, *Corrode
                  | Str+3 Int+8 Dex-2} (Trog gifted it to you on level 6 of the
                  | Lair of Beasts)
 21998 | Lair:6   | Found a transporter.
 22002 | Lair:6   | Noticed harkrass's ghost (journeyman MiFi)
 22388 | Lair:6   | Received a gift from Trog
 23121 | Lair:6   | Killed harkrass's ghost
 23127 | Lair:6   | Got a slimy hat
 23149 | Lair:6   | Identified the +2 hat of Objectivity {rElec MR+ rCorr
                  | Str+4} (You found it on level 6 of the Lair of Beasts)
 23339 | Orc:1    | Entered Level 1 of the Orcish Mines
 23550 | Orc:2    | Entered Level 2 of the Orcish Mines
 23746 | Orc:2    | Reached skill level 5 in Stealth
 23778 | Orc:2    | Received a gift from Trog
 23787 | Orc:2    | Slain by an orc warrior

Illustrated notes

Levels and vault maps discovered:
D:1:      lightli_arrival_statue_moat, layout_basic
D:2:      layout_loops_ring, uniq_sigmund
D:3:      layout_loops_ring, biasface_ghost_orc_armoury, serial_rivers,
          chequers_serial_rivers_marsh, chequers_serial_rivers_room_a,
          chequers_serial_rivers_small_3, chequers_serial_rivers_micro_e,
          chequers_serial_rivers_room_a, kennysheep_potato, uniq_natasha,
          uniq_robin
D:4:      layout_basic, minmay_door_square, serial_bayou_lagoon_b
D:5:      layout_basic, old_standard_altar, gammafunk_ghost_split, serial_shops,
          shop, kennysheep_slug_shrine, uniq_edmund
D:6:      layout_basic, uniq_pikel
D:7:      layout_loops_ring, minmay_temple_entry_water_ring
D:8:      layout_basic, gammafunk_ghost_cemetery, uniq_psyche
D:9:      gammafunk_steamed_eel, layout_small_grid, uniq_erica
D:10:     layout_grid_maze, serial_shops, nicolae_shop_stone,
          gammafunk_ghost_stat_death, nicolae_ashenzari_panopticon
D:11:     layout_long_grid, erik_lair_island, orc_david_3, enter_trove_5,
          serial_shops, shop, nicolae_shop_waterfront, shop, uniq_snorg
D:12:     layout_irregular_city, gauntlet_entry_generic, basic_altar
D:13:     layout_rooms, david_vaults_5, serial_shops, nicolae_shop_crystal,
          nemelex_xobeh_ov_fountains_minmay
D:14:     layout_grid_maze, serial_shops, bzr_firewalk
D:15:     grunt_enter_depths_hoard, layout_basic, minmay_misc_feat_x,
          serial_shops, shop_statue, shop, shop, minmay_microvault
Temple:   roderic_octagonal_lattice_temple
Lair:1:   minmay_lair_venomous_thicket, layout_chaotic_city,
          beast_lair_carwin_6, grunt_megastairs_5
Lair:2:   layout_cave_shapes, lemuel_fruit_tree
Lair:3:   layout_gridlike, nicolae_spider_entry_non_spiders,
          serial_bayou_shore_a
Lair:4:   layout_long_grid, nicolae_swamp_entry_splash_gauntlet
Lair:5:   layout_roguey, slime_altar_1
Lair:6:   minmay_lair_end_enchanted_forest, layout_regular_city,
          gammafunk_ghost_berserking_beasts, st_stairs_7,
          chequers_serial_rivers_micro_d, infiniplex_staircase_pool
Orc:1:    layout_caves
Orc:2:    st_orc_mages, layout_caves, maelrawn_ghost_gauntlet_escape

Skill      XL: |  1  2  3  4  5  6  7  8  9 10 11 12 13 14 15 |
---------------+----------------------------------------------+-----
Dodging        | 2 3 5 7 8 9 10 11 | 11.7
Fighting       | 4 5 7 8 9 10 12 13 14 | 14.7
Maces & Flails | 4 5 6 7 8 10 11 12 13 | 13.7
Armour         | 3 4 5 6 7 9 10 11 12 14 | 14.6
Stealth        | 1 5 |  5.0
Evocations     | 4 |  4.0

Action                   |  1- 3 |  4- 6 |  7- 9 | 10-12 | 13-15 || total
-------------------------+-------+-------+-------+-------+-------++-------
Melee: Mace              |   104 |    67 |       |       |       ||   171
       Flail             |       |   120 |    73 |       |       ||   193
       Morningstar       |       |       |    79 |       |       ||    79
       Dire flail        |       |       |   173 |   729 |  1197 ||  2099
       Great mace        |       |       |       |       |   352 ||   352
Throw: Throwing net      |       |       |     1 |     4 |       ||     5
Invok: Berserk           |     2 |       |     1 |     6 |     6 ||    15
       Trog's Hand       |       |       |     1 |     4 |     5 ||    10
 Abil: Fly               |       |       |       |       |     1 ||     1
Evoke: Wand              |       |       |       |     5 |     2 ||     7
       Tin of tremorston |       |       |       |     1 |       ||     1
  Use: Scroll            |       |     4 |     3 |    17 |    22 ||    46
       Potion            |       |       |     2 |     4 |     8 ||    14
 Stab: Confused          |       |       |     2 |       |       ||     2
       Held in net/web   |       |       |     1 |     1 |       ||     2
       Sleeping          |       |       |     1 |     2 |     8 ||    11
       Distracted        |       |       |       |       |     1 ||     1
Armor: Animal skin       |     7 |       |       |       |       ||     7
       Ring mail         |    44 |   129 |   142 |   207 |       ||   522
       Troll leather arm |       |       |       |    89 |   568 ||   657
Dodge: Dodged            |    71 |   162 |   240 |   649 |  1829 ||  2951

Table legend: (Time is in decaauts)
 A = Elapsed time spent in this place.
 B = Non-inter-level travel time spent in this place.
 C = Inter-level travel time spent in this place.
 D = Time resting spent in this place.
 E = Time spent auto-exploring this place.
 F = Levels seen in this place.
 G = Mean time per level.
                   A        B        C        D        E       F      G
               +--------+--------+--------+--------+--------+-----+--------+
         Total |  23545 |  21727 |   1818 |   2113 |  14479 |  26 |  905.6 |
       Dungeon |  17175 |  15768 |   1407 |   1825 |  10498 |  15 | 1145.0 |
        Temple |    131 |    118 |     13 |      0 |    118 |   1 |  131.0 |
          Lair |   5321 |   4943 |    378 |    204 |   3533 |   6 |  886.8 |
  Orcish Mines |    439 |    420 |     19 |     23 |    234 |   2 |  219.5 |
        Bazaar |    119 |    119 |      0 |      0 |     40 |   1 |  119.0 |
      Gauntlet |    358 |    358 |      0 |     61 |     55 |   1 |  358.0 |
               +--------+--------+--------+--------+--------+-----+--------+

Top non-repeatable levels by time:
     D:8: 1981 daAuts
  Lair:6: 1623 daAuts
    D:11: 1555 daAuts
     D:1: 1439 daAuts
     D:3: 1390 daAuts
    D:14: 1359 daAuts
    D:10: 1304 daAuts
    D:15: 1149 daAuts
     D:5: 1117 daAuts
    D:12: 1115 daAuts
     D:2: 1042 daAuts
     D:9: 975 daAuts
  Lair:1: 883 daAuts
     D:4: 809 daAuts
  Lair:3: 780 daAuts
